 Dungeon Crawl Stone Soup version 0.24.0-123-gd5b16e6ec5 (webtiles) character file.

Game seed: 7041939323485283813, levelgen mode: deterministic

4 vurker the Gusty (level 1, 0/7 HPs)
             Began as a Felid Air Elementalist on Feb 4, 2020.
             Slain by a dart slug (1 damage)
             ... on level 1 of the Dungeon.
             The game lasted 00:00:32 (32 turns).

vurker the Gusty (Felid Air Elementalist)             Turns: 32, Time: 00:00:33

Health: 0/7        AC:  1    Str:  4    XL:     1   Next: 58%
Magic:  1/4        EV: 18    Int: 16    God:
Gold:   0          SH:  0    Dex: 16    Spells: 3/4 levels left
                                        Lives:  0   Deaths: 0

rFire    . . .     SeeInvis +   (weapon unavailable)
rCold    . . .     Gourm    .   (shield unavailable)
rNeg     . . .     Faith    .   (armour unavailable)
rPois    .         Spirit   .   (helmet unavailable)
rElec    .         Reflect  .   (cloak unavailable)
rCorr    .         Harm     .   (gloves unavailable)
MR       .....                  (boots unavailable)
Stlth    +++.......             (no amulet)
HPRegen  0.02/turn              (no ring)
MPRegen  0.09/turn              (no ring)

@: quick
A: very small, no armour, no weapons or thrown items, stealth, claws 1, fangs 3,
see invisible, carnivore, speed 1, shaggy fur 1, slow metabolism 1, sharp paws
a: no special abilities


You were on level 1 of the Dungeon.
You were not hungry.

You visited 1 branch of the dungeon, and saw 1 of its levels.

Inventory:

Comestibles
 e - a ration


   Skills:
 + Level 0.1 Fighting
 + Level 2.7 Dodging
 + Level 2.7 Stealth
 * Level 2.0 Spellcasting
 * Level 1.0 Conjurations
 * Level 2.7 Air Magic


You had 3 spell levels left.
You knew the following spells:

 Your Spells              Type           Power        Failure   Level  Hunger
a - Shock                 Conj/Air       #...         10%         1    #......

Your spell library contained the following spells:

 Spells                   Type           Power        Failure   Level  Hunger
 Swiftness                Chrm/Air       #.......     19%         2    ###....
 Static Discharge         Conj/Air       #.......     28%         3    ###....
 Airstrike                Air            ##........   54%         4    #####..
 Lightning Bolt           Conj/Air       #.........   95%         5    ######.


Dungeon Overview and Level Annotations

Branches:
Dungeon (1/15)

Altars:


Innate Abilities, Weirdness & Mutations

You cannot wear armour.
You are incapable of wielding weapons or throwing items.
Your paws allow you to move quietly. (Stealth)
You have sharp claws.
You have razor-sharp teeth.
You have supernaturally acute eyesight. (SInv)
You are carnivorous and can eat meat at any time.
You cover ground quickly.
You are covered in fur. (AC +1)
You have a slow metabolism.
Your sharp claws are effective at attacking unaware monsters.


Message History

Found 22 gold pieces.
Aim: a goblin, wielding a +0 club The zap misses the goblin.
The goblin barely misses you.
A dart slug comes into view.
Aim: a goblin, wielding a +0 club The zap hits the goblin.
The giant cockroach waves its antennae.
The goblin closely misses you.
Aim: a goblin, wielding a +0 club (heavily wounded)
The zap hits the goblin.
You kill the goblin!
The zap misses the giant cockroach.
The giant cockroach bites you but does no damage.
Aim: a giant cockroach (clinging)
The zap misses the giant cockroach.
The zap hits the leopard gecko.
The giant cockroach completely misses you.
You don't have enough magic to cast that spell.
You scratch the giant cockroach. Your bite misses the giant cockroach.
The giant cockroach bites you.
You barely miss the giant cockroach. The giant cockroach bites you.
You closely miss the giant cockroach. The giant cockroach bites you.
* * * LOW HITPOINT WARNING * * *
You don't know that spell.
There is an open door here.
You don't have enough magic to cast that spell.
You scratch the giant cockroach.
You kill the giant cockroach!
Your Conjurations skill increases to level 1!
The leopard gecko misses you.
You barely miss the leopard gecko. The leopard gecko barely misses you.
You barely miss the leopard gecko. The leopard gecko misses you.
You scratch the leopard gecko. The leopard gecko misses you.
You scratch the leopard gecko but do no damage.
The leopard gecko closely misses you.
You closely miss the leopard gecko. Your bite misses the leopard gecko.
The leopard gecko barely misses you. The leopard gecko misses you.
You scratch the leopard gecko but do no damage.
The leopard gecko misses you.
You miss the leopard gecko. The leopard gecko bites you.
* * * LOW HITPOINT WARNING * * *
The zap hits the leopard gecko.
The zap hits the dart slug. x2
The zap hits the leopard gecko.
You kill the leopard gecko!
You don't have enough magic to cast that spell.
You scratch the dart slug but do no damage.
You scratch the dart slug. You bite the dart slug.
The dart slug completely misses you.
You scratch the dart slug but do no damage.
The dart slug bites you.
You die...

.......
..... ...
#w# .
#.####....
#.........
##.#####...
+#w.#
###@###
+.'.# #.###
#<# ###


You could see a dart slug.

Vanquished Creatures
  A leopard gecko (D:1)
  A giant cockroach (D:1)
  A goblin (D:1)
3 creatures vanquished.

Notes
Turn   | Place    | Note
-------+----------+-------------------------------------------
     0 | D:1      | vurker the Felid Air Elementalist began the quest for the
                  | Orb.
     0 | D:1      | Reached XP level 1. HP: 7/7 MP: 4/4
    21 | D:1      | Reached skill level 1 in Conjurations
    32 | D:1      | Slain by a dart slug

Levels and vault maps discovered:
D:1:      erik_arrival_triangle_small, layout_basic

Skill      XL: |  1 |
---------------+----+-----
Conjurations   | 1 |  1.0
Fighting       | |  0.1
Dodging        | |  2.7
Stealth        | |  2.7
Spellcasting   | |  2.0
Air Magic      | |  2.7

Action                   || total
-------------------------++-------
Melee: Unarmed           ||    14
       Bite              ||     1
 Cast: Shock             ||     5
Armor: Skin              ||     1
Dodge: Dodged            ||    12
